Map: [ESL] Solaris

Players

Maru

  • Race: Terran Terran
  • Spawn Location: 7:00

Classic - Winner!

  • Race: Protoss Protoss
  • Spawn Location: 1:00

Event: ESL SC2 Masters 2023 Winter (Finals)

VOD

Have the link to the VOD?

Description

Time

  • Played on: Dec. 15, 2023, 2:42 p.m.
  • Length: 13:01

All games in this series

Show
View Real Time Build Order
Export as new Build Order

Maru Terran 

Build Orders: Cyclone Opening, Gas First Reaper Expand 

Get SALT Encoding   

  12  0:00  SCV  
  13  0:12  SCV  
  14  0:18  Supply Depot  
  14  0:24  SCV  
  14  0:27  Refinery  
  15  0:39  SCV  
  16  0:44  Barracks  
  16  0:51  SCV  
  17  1:04  SCV  
  18  1:12  Engineering Bay  
  18  1:16  SCV  
  19  1:31  Orbital Command  
  19  1:37  Reaper  
  20  1:48  Command Center  
  20  1:59  Factory  
  20  2:02  SCV  
  21  2:09  Supply Depot  
  21  2:11  Barracks Reactor  
  21  2:15  SCV  
  22  2:27  SCV  
  23  2:40  SCV  
  24  2:51  Cyclone x2  
  28  2:53  SCV  
  29  3:00  Command Center  
  29  3:05  SCV  
  30  3:10  Orbital Command  
  30  3:17  SCV  
  31  3:23  Barracks Tech Lab  
  31  3:26  Barracks  
  29  3:29  SCV  
  29  3:31  Refinery  
  30  3:37  SCV  
  31  3:41  SCV  
  31  3:45  Siege Tank  
  31  3:47  Marine x2  
  37  3:49  SCV  
  37  3:54  SCV  
  39  3:57  Barracks  
  39  4:01  SCV  
  40  4:05  Bunker, Marine x2  
  40  4:08  SCV  
  43  4:12  Orbital Command  
  43  4:15  SCV  
  44  4:20  SCV  
  44  4:22  Factory Tech Lab  
  44  4:23  Marine  
  46  4:24  Stimpack  
  46  4:27  SCV, Marine x2  
  49  4:33  Supply Depot  
  49  4:37  SCV  
  50  4:39  SCV x2  
  50  4:43  Marauder  
  50  4:45  Marine  
  55  4:47  Starport  
  55  4:49  Factory Reactor  
  55  4:50  SCV  
  55  4:51  SCV  
  57  4:53  Refinery  
  57  4:54  SCV  
  58  5:02  SCV, Supply Depot  
  58  5:06  Engineering Bay  
  59  5:07  Engineering Bay  
  59  5:08  Marauder  
  59  5:09  Marine x3  
  59  5:12  SCV  
  64  5:15  SCV, Supply Depot  
  64  5:20  Combat Shield  
  65  5:26  SCV  
  65  5:27  Marine  
  67  5:28  Refinery  
  67  5:33  Barracks  
  67  5:35  Barracks, Terran Infantry Weapons Level 1  
  67  5:36  Terran Infantry Armor Level 1  
  67  5:39  SCV x3  
  70  5:46  Marine x4  
  70  5:48  Medivac  
  75  5:54  Missile Turret  
  75  5:57  Medivac  
  77  6:01  SCV  
  77  6:02  SCV  
  77  6:03  SCV  
  77  6:04  Marine  
  80  6:05  Marauder  
  80  6:07  Factory Reactor  
  80  6:08  Supply Depot  
  83  6:11  Orbital Command  
  83  6:12  Supply Depot, Concussive Shells  
  83  6:15  SCV  
  83  6:16  SCV  
  85  6:19  Supply Depot  
  85  6:23  Barracks Reactor, Barracks Tech Lab  
  85  6:29  Marauder x2, SCV, Marine x2  
  92  6:34  Supply Depot  
  92  6:37  SCV x2  
  94  6:41  SCV  
  94  6:42  Medivac  
  94  6:43  Medivac  
  99  6:48  Marine x2  
  99  6:49  SCV, Marauder  
  99  6:50  SCV, Supply Depot  
  99  6:53  Armory, SCV  
  106  6:55  Marauder  
  104  7:01  SCV  
  104  7:05  SCV  
  104  7:07  Marine x2  
  104  7:08  Marauder  
  102  7:10  Orbital Command  
  102  7:13  SCV  
  102  7:14  Widow Mine x2  
  102  7:15  Marine  
  91  7:18  Marine x2, SCV  
  92  7:25  SCV  
  92  7:26  Viking  
  95  7:30  SCV  
  95  7:32  Viking  
  95  7:36  Marine x3  
  101  7:37  SCV  
  101  7:38  Marine  
  101  7:39  Marauder  
  101  7:42  SCV  
  106  7:44  Terran Infantry Weapons Level 2  
  106  7:49  Widow Mine x2  
  108  7:58  Viking  
  110  8:03  Viking  
  110  8:04  Marine x3  
  110  8:05  Marine  
  116  8:07  Supply Depot  
  116  8:09  Terran Infantry Armor Level 2  
  116  8:10  SCV x2  
  117  8:13  SCV  
  115  8:22  SCV  
  115  8:24  Marauder x3, Marine x2, Ghost Academy  
  115  8:26  Marine  
  125  8:34  Widow Mine x2  
  123  8:35  SCV x2  
  123  8:38  Viking  
  123  8:39  Viking  
  129  8:49  Supply Depot  
  129  8:50  Supply Depot  
  129  8:56  Ghost, Supply Depot  
  129  8:57  Supply Depot  
  129  9:00  Ghost  
  129  9:01  Marine x2  
  135  9:09  Marine x3  
  134  9:19  Marine  
  135  9:25  Ghost  
  135  9:27  Ghost  
  135  9:28  Widow Mine  
  139  9:34  Marine x3  
  139  9:35  Viking  
  144  9:42  Orbital Command, Medivac  
  144  9:44  Marine x2  
  148  9:52  Supply Depot  
  148  9:53  Missile Turret, Marine  
  148  9:54  Marine, Marauder  
  152  10:06  Ghost  
  152  10:08  Ghost  
  152  10:09  Marine x2  
  158  10:16  Marine x2  
  160  10:23  Viking  
  160  10:25  Medivac  
  160  10:26  Marine  
  162  10:39  Orbital Command  
  162  10:41  Marauder, Marine x2  
  162  10:42  Marauder  
  134  10:44  Marine x2  
  104  10:50  Marine  
  104  10:56  Medivac  
  86  10:59  Marine x2  
  86  11:01  SCV  
  86  11:02  Marine  
  82  11:07  Widow Mine x2  
  86  11:12  Marauder  
  86  11:13  Marine  
  89  11:19  Ghost  
  91  11:26  Ghost  
  91  11:28  Marine  
  91  11:32  Marine x3  
  97  11:36  Widow Mine  
  97  11:38  Widow Mine  
  101  11:40  SCV x2  
  101  11:41  SCV  
  101  11:44  Ghost  
  101  11:46  Marine  
  107  11:55  Marine x3  
  107  11:58  Ghost x2  
  114  12:01  SCV  
  114  12:03  Widow Mine  
  114  12:04  Marine, Widow Mine  
  120  12:13  Marine x3  
  120  12:14  Marauder  
  125  12:24  Marine  
  125  12:27  Marauder x2  
  130  12:31  Widow Mine x2, Marine  
  130  12:34  SCV x2  
  130  12:35  SCV  
  130  12:36  Supply Depot  
  140  12:40  Marine  
Show
View Real Time Build Order
Export as new Build Order

Classic Protoss - Winner!

Build Orders: 1 Gate Expand, Blink Stalkers, Colossus Rush 

Get SALT Encoding   

  12  0:00  Probe  
  13  0:12  Probe  
  14  0:18  Pylon  
  14  0:24  Probe (Chrono Boost)  
  15  0:36  Probe (Chrono Boost)  
  15  0:37  Gateway  
  16  0:45  Probe (Chrono Boost)  
  16  0:47  Assimilator  
  17  0:50  Probe  
  18  1:03  Probe  
  19  1:15  Probe  
  20  1:27  Cybernetics Core  
  21  1:36  Nexus  
  20  1:41  Pylon  
  20  1:43  Probe  
  21  1:49  Assimilator  
  21  1:55  Probe  
  21  2:00  Adept (Chrono Boost)  
  22  2:07  Probe  
  25  2:14  Warp Gate  
  25  2:19  Probe  
  25  2:20  Adept (Chrono Boost)  
  28  2:31  Probe  
  28  2:33  Twilight Council  
  29  2:42  Stalker  
  31  2:48  Probe (Chrono Boost)  
  33  2:54  Probe (Chrono Boost)  
  33  2:57  Probe (Chrono Boost)  
  34  3:01  Probe (Chrono Boost)  
  34  3:02  Probe (Chrono Boost)  
  36  3:07  Blink (Chrono Boost)  
  36  3:11  Shield Battery  
  36  3:12  Probe  
  37  3:19  Stalker  
  39  3:30  Gateway x2  
  39  3:31  Probe  
  39  3:32  Probe  
  41  3:37  Pylon  
  41  3:43  Probe  
  41  3:44  Probe  
  43  3:52  Pylon  
  43  3:55  Probe  
  44  3:56  Probe  
  44  3:58  Robotics Facility  
  45  4:03  Pylon  
  45  4:04  Stalker  
  45  4:07  Probe  
  45  4:09  Probe  
  49  4:12  Pylon  
  49  4:15  Assimilator  
  49  4:20  Probe  
  49  4:21  Probe  
  51  4:30  Stalker x2  
  55  4:31  Stalker  
  55  4:35  Assimilator  
  55  4:36  Probe  
  55  4:38  Probe  
  59  4:44  Warp Prism (Chrono Boost)  
  59  4:50  Probe x2  
  63  4:56  Robotics Bay  
  63  5:00  Pylon  
  63  5:03  Probe  
  63  5:04  Probe  
  64  5:14  Sentry  
  66  5:22  Nexus, Observer (Chrono Boost)  
  66  5:23  Pylon  
  66  5:24  Probe  
  66  5:25  Probe  
  69  5:35  Sentry  
  71  5:36  Probe  
  71  5:37  Probe  
  71  5:41  Colossus (Chrono Boost)  
  73  5:43  Pylon  
  73  5:48  Extended Thermal Lance  
  79  5:51  Probe x2  
  79  5:55  Pylon  
  81  6:04  Probe x2  
  81  6:11  Stalker x3  
  87  6:17  Probe x2  
  91  6:24  Colossus (Chrono Boost)  
  91  6:29  Probe x2  
  99  6:34  Probe  
  99  6:38  Stalker x3  
  106  6:44  Probe  
  106  6:45  Probe  
  106  6:46  Assimilator  
  106  6:47  Probe  
  109  6:49  Assimilator  
  105  7:04  Stalker x3  
  111  7:14  Observer  
  107  7:18  Charge  
  107  7:22  Gateway  
  107  7:24  Gateway  
  107  7:26  Gateway, Immortal (Chrono Boost)  
  107  7:27  Gateway  
  107  7:28  Observer  
  107  7:29  Probe x3  
  114  7:31  Gateway, Pylon  
  114  7:35  Templar Archives  
  114  7:43  Nexus  
  114  7:46  Pylon  
  114  7:52  Zealot x3  
  119  8:02  Observer (Chrono Boost), Forge  
  119  8:03  Forge  
  121  8:05  Probe x2  
  121  8:06  Probe  
  119  8:22  Zealot x7  
  119  8:26  Zealot, Protoss Ground Weapons Level 1 (Chrono Boost), Pylon  
  135  8:28  Protoss Ground Armor Level 1 (Chrono Boost)  
  135  8:31  Pylon  
  135  8:39  Observer  
  135  8:40  Pylon  
  136  8:43  Unknown, High Templar  
  136  8:44  High Templar x3  
  136  8:45  High Templar  
  136  8:46  High Templar  
  136  8:48  Observer  
  148  8:49  Archon x2  
  148  8:51  Zealot x2, Archon  
  152  8:58  Pylon, Probe x4  
  152  8:59  Pylon  
  156  9:15  Zealot x2  
  156  9:16  Zealot x4  
  168  9:19  Zealot x2  
  168  9:22  Robotics Facility  
  172  9:39  High Templar x2, Zealot x4  
  172  9:40  Zealot x2  
  172  9:44  Photon Cannon  
  188  9:46  Stargate  
  188  9:47  Archon  
  188  9:49  Gateway  
  188  9:52  Gateway  
  188  9:54  Protoss Ground Weapons Level 2 (Chrono Boost)  
  188  9:55  Protoss Ground Armor Level 2 (Chrono Boost), Pylon  
  188  10:04  Stalker x4  
  188  10:06  Observer  
  196  10:15  Gravitic Drive  
  194  10:29  Zealot x3  
  194  10:33  Protoss Air Weapons Level 1  
  200  10:40  Zealot x5  
  161  10:44  Colossus x2 (Chrono Boost)  
  107  11:00  Zealot x6  
  107  11:01  Zealot x2  
  111  11:10  Sentry, Zealot  
  113  11:13  Probe  
  113  11:14  Probe x3  
  113  11:15  Shield Battery  
  117  11:22  High Templar  
  117  11:23  High Templar x3  
  125  11:25  Warp Prism (Chrono Boost)  
  125  11:26  High Templar x2, Probe  
  125  11:27  Archon x2  
  125  11:28  Zealot, Colossus (Chrono Boost)  
  125  11:29  Zealot  
  142  11:33  Archon  
  142  11:34  Stalker x2  
  146  11:44  Nexus  
  146  11:55  High Templar x2  
  146  11:56  High Templar x2  
  146  11:57  Stalker x3  
  146  12:00  Archon x2  
  160  12:01  Zealot x3  
  160  12:05  Observer  
  167  12:09  Pylon  
  167  12:10  Observer  
  167  12:15  Observer  
  164  12:34  Zealot x4, Stalker x5  
  176  12:49  Zealot x2  
  152  12:55  Zealot x3  
Tags
 
Add a new tag
Caveats
  • Supply blocks, unpowered buildings, or Contaminate may cause inaccurate times.
  • Supply counts are checked every 10 seconds.